ITL
OTSEGO BULLDOGS @ TUSCALOOSA TROUT SLAYERS
04/18/2027
 
TOP OF THE 1ST
Otsego Bulldogs batting - Pitching for Tuscaloosa Trout Slayers : RHP Ronald Adams
Pitching: RHP Ronald Adams
Batting: LHB Mario Cornelo 0-0: Called Strike
0-1: Ball
1-1: Foul Ball, location: 2F
1-2: Ball
2-2: Ball
3-2: Strikes out looking
Batting: RHB Juan Pérez 0-0: Called Strike
0-1: Ball
1-1: Called Strike
1-2: Fly out, F9 (Flyball, 9S)
Batting: RHB Cristo García 0-0: Foul Ball, location: 2F
0-1: Ball
1-1: Swinging Strike
1-2: Ball
2-2: SINGLE (Line Drive, 56D)
Batting: RHB Jim Beck 0-0: Ball
1-0: Foul Ball, location: 2F
1-1: Ball
2-1: SINGLE (Flyball, 78S)
Cristo García to second
Batting: RHB Armando Cuevas 0-0: Ball
1-0: Ball
2-0: SINGLE (Groundball, 56D)
Cristo García to third
Jim Beck to second
Runner from 3rd tries for Home, SAFE, no throw
Batting: RHB Ryosei Yamamoto 0-0: Ball
1-0: Called Strike
1-1: Ball
2-1: Ground out 4-3 (Groundball, 34)
Top of the 1st over - 1 run(s), 3 hit(s), 0 error(s), 2 left on base; Otsego 1 - Tuscaloosa 0
BOTTOM OF THE 1ST
Tuscaloosa Trout Slayers batting - Pitching for Otsego Bulldogs : RHP Tim Hill
Pitching: RHP Tim Hill
Batting: RHB Pat Fullerton 0-0: Called Strike
0-1: Ball
1-1: Foul Ball, location: 2F
1-2: Ground out 5-3 (Groundball, 56)
Batting: LHB Marcos Villarreal 0-0: Ball
1-0: Foul Ball, location: 2F
1-1: Swinging Strike
1-2: Strikes out swinging
Batting: LHB Albert Morgan 0-0: Fly out, F4 (Line Drive, 4)
Bottom of the 1st over - 0 run(s), 0 hit(s), 0 error(s), 0 left on base; Otsego 1 - Tuscaloosa 0
TOP OF THE 2ND
Otsego Bulldogs batting - Pitching for Tuscaloosa Trout Slayers : RHP Ronald Adams
Batting: RHB Kyung-bok Cho 0-0: Called Strike
0-1: Bunt missed!
0-2: Ball
1-2: Ball
2-2: Ground out U3 (Groundball, 2R)
Batting: LHB Martin Davis 0-0: Called Strike
0-1: Foul Ball, location: 2F
0-2: Strikes out looking
Batting: RHB José Martínez 0-0: Ball
1-0: Called Strike
1-1: SINGLE (Groundball, 4MD)
Batting: LHB Mario Cornelo 0-0: Ball
1-0: Ball
Passed Ball!
José Martínez to second
2-0: Called Strike
2-1: Ground out 4-3 (Groundball, 4)
Top of the 2nd over - 0 run(s), 1 hit(s), 0 error(s), 1 left on base; Otsego 1 - Tuscaloosa 0
BOTTOM OF THE 2ND
Tuscaloosa Trout Slayers batting - Pitching for Otsego Bulldogs : RHP Tim Hill
Batting: RHB Ben Morton 0-0: Called Strike
0-1: Ball
1-1: Called Strike
1-2: Foul Ball, location: 2F
1-2: DOUBLE (Flyball, 8RD)
Batting: LHB António Cedeño 0-0: Foul Ball, location: 2F
0-1: Swinging Strike
0-2: Foul Ball, location: 2F
0-2: Foul Ball, location: 2F
0-2: Strikes out looking
Batting: RHB Lawrence Yates 0-0: Ball
1-0: Ball
2-0: Ball
3-0: Called Strike
3-1: Foul Ball, location: 2F
3-2: Foul Ball, location: 2F
3-2: Base on Balls
Batting: LHB Mark Owens 0-0: Fly out, F7 (Flyball, 7S)
Batting: RHB Dave Hall 0-0: Swinging Strike
0-1: SINGLE (Flyball, 8RS)
Ben Morton to third
Lawrence Yates to second
Runner from 3rd tries for Home, SAFE, throw made at trailing runner, SAFE at third!
Batting: LHB Wilford Lush 0-0: Called Strike
0-1: Ball
1-1: Fielders Choice at 2nd, 4-6 (Groundball, 34)
Bottom of the 2nd over - 1 run(s), 2 hit(s), 0 error(s), 1 left on base; Otsego 1 - Tuscaloosa 1
TOP OF THE 3RD
Otsego Bulldogs batting - Pitching for Tuscaloosa Trout Slayers : RHP Ronald Adams
Batting: RHB Juan Pérez 0-0: Called Strike
0-1: SINGLE (Groundball, 56D)
Batting: RHB Cristo García 0-0: Called Strike
0-1: Foul Ball, location: 2F
0-2: Strikes out looking
Batting: RHB Jim Beck 0-0: Ball
1-0: Foul Ball, location: 2F
1-1: Called Strike
1-2: Ball
2-2: DOUBLE (Line Drive, 9LD)
Juan Pérez to third
Runner from 3rd tries for Home, SAFE, no throw
Batting: RHB Armando Cuevas 0-0: Ball
1-0: Ball
2-0: Ground out 5-3 (Groundball, 5S)
Jim Beck to third
Batting: RHB Ryosei Yamamoto 0-0: Foul Ball, location: 2F
0-1: Swinging Strike
0-2: Foul Ball, location: 2F
0-2: Strikes out swinging
Top of the 3rd over - 1 run(s), 2 hit(s), 0 error(s), 1 left on base; Otsego 2 - Tuscaloosa 1
BOTTOM OF THE 3RD
Tuscaloosa Trout Slayers batting - Pitching for Otsego Bulldogs : RHP Tim Hill
Batting: RHB Pat Fullerton 0-0: Called Strike
0-1: Bunted foul
0-2: Ball
1-2: Ball
2-2: Foul Ball, location: 2F
2-2: Ball
3-2: Foul Ball, location: 2F
3-2: Fly out, F3 (Popup, 3L)
Batting: LHB Marcos Villarreal 0-0: Ball
1-0: Called Strike
1-1: Swinging Strike
1-2: SINGLE (Line Drive, 6D)
Batting: LHB Albert Morgan 0-0: Called Strike
0-1: Ball
1-1: Ball
Wild Pitch!
Marcos Villarreal to second
2-1: Ball
3-1: Foul Ball, location: 2F
3-2: Foul Ball, location: 2F
3-2: Base on Balls
Batting: RHB Ben Morton 0-0: Ball
1-0: SINGLE (Groundball, 56D)
Marcos Villarreal to third
Albert Morgan to second
Runner from 3rd tries for Home, SAFE, throw made home
Albert Morgan to third
Ben Morton to second
Batting: LHB António Cedeño 0-0: Foul Ball, location: 2F
0-1: Ground out 4-3 (Groundball, 4)
Albert Morgan scores
Ben Morton to third
Batting: RHB Lawrence Yates 0-0: Ball
1-0: Ball
2-0: Called Strike
2-1: Foul Ball, location: 2F
2-2: Ball
3-2: Foul Ball, location: 2F
3-2: Fly out, F7 (Flyball, 78D)
Bottom of the 3rd over - 2 run(s), 2 hit(s), 0 error(s), 1 left on base; Otsego 2 - Tuscaloosa 3
TOP OF THE 4TH
Otsego Bulldogs batting - Pitching for Tuscaloosa Trout Slayers : RHP Ronald Adams
Batting: RHB Kyung-bok Cho 0-0: Foul Ball, location: 2F
0-1: Bunted foul
0-2: Ball
1-2: Foul Ball, location: 2F
1-2: Strikes out swinging
Batting: LHB Martin Davis 0-0: Swinging Strike
0-1: Called Strike
0-2: Ball
1-2: Ground out 4-3 (Groundball, 4)
Batting: RHB José Martínez 0-0: Ball
1-0: Called Strike
1-1: Swinging Strike
1-2: Ground out 5-3 (Groundball, 5L)
Top of the 4th over - 0 run(s), 0 hit(s), 0 error(s), 0 left on base; Otsego 2 - Tuscaloosa 3
BOTTOM OF THE 4TH
Tuscaloosa Trout Slayers batting - Pitching for Otsego Bulldogs : RHP Tim Hill
Batting: LHB Mark Owens 0-0: Ground out 4-3 (Groundball, 4)
Batting: RHB Dave Hall 0-0: Called Strike
0-1: SINGLE (Groundball, 4MD)
Batting: LHB Wilford Lush 0-0: Ball
1-0: Fly out, F8 (Flyball, 8RD)
Batting: RHB Pat Fullerton 0-0: Ball
1-0: Ball
2-0: Foul Ball, location: 2F
2-1: Fly out, F5 (Popup, 5D)
Bottom of the 4th over - 0 run(s), 1 hit(s), 0 error(s), 1 left on base; Otsego 2 - Tuscaloosa 3
TOP OF THE 5TH
Otsego Bulldogs batting - Pitching for Tuscaloosa Trout Slayers : RHP Ronald Adams
Batting: LHB Mario Cornelo 0-0: Ground out 4-3 (Groundball, 34)
Batting: RHB Juan Pérez 0-0: Called Strike
0-1: Ground out 6-3 (Groundball, 6)
Batting: RHB Cristo García 0-0: Ground out 3-1 (Groundball, 34)
Top of the 5th over - 0 run(s), 0 hit(s), 0 error(s), 0 left on base; Otsego 2 - Tuscaloosa 3
BOTTOM OF THE 5TH
Tuscaloosa Trout Slayers batting - Pitching for Otsego Bulldogs : RHP Tim Hill
Batting: LHB Marcos Villarreal 0-0: Ball
1-0: Ball
2-0: Called Strike
2-1: Called Strike
2-2: Strikes out looking
Batting: LHB Albert Morgan 0-0: Ball
1-0: Foul Ball, location: 2F
1-1: Ball
2-1: Ball
3-1: Swinging Strike
3-2: Strikes out swinging
Batting: RHB Ben Morton 0-0: Ball
1-0: Swinging Strike
1-1: Ball
2-1: Ground out 5-3 (Groundball, 56D)
Bottom of the 5th over - 0 run(s), 0 hit(s), 0 error(s), 0 left on base; Otsego 2 - Tuscaloosa 3
TOP OF THE 6TH
Otsego Bulldogs batting - Pitching for Tuscaloosa Trout Slayers : RHP Ronald Adams
Batting: RHB Jim Beck 0-0: Ball
1-0: Foul Ball, location: 2F
1-1: Foul Ball, location: 2F
1-2: Ball
2-2: Ball
3-2: Strikes out looking
Batting: RHB Armando Cuevas 0-0: Ball
1-0: Ball
2-0: Foul Ball, location: 2F
2-1: Ball
3-1: Called Strike
3-2: SOLO HOME RUN (Flyball, 78XD), Distance : 372 ft
Batting: RHB Ryosei Yamamoto 0-0: Ball
1-0: Ball
2-0: Called Strike
2-1: DOUBLE (Line Drive, 78XD)
Batting: RHB Kyung-bok Cho 0-0: Ball
1-0: Called Strike
1-1: Ball
2-1: Foul Ball, location: 2F
2-2: SINGLE (Groundball, 6MD)
Ryosei Yamamoto to third
Runner from 3rd tries for Home, SAFE, no throw
Batting: LHB Martin Davis 0-0: SINGLE (Groundball, 6) (infield hit)
Kyung-bok Cho to second
Batting: RHB José Martínez 0-0: Called Strike
0-1: Ball
1-1: Ball
2-1: Ball
3-1: Swinging Strike
3-2: Grounds into double play, 4-6-3 (Groundball, 4)
Top of the 6th over - 2 run(s), 4 hit(s), 0 error(s), 1 left on base; Otsego 4 - Tuscaloosa 3
BOTTOM OF THE 6TH
Tuscaloosa Trout Slayers batting - Pitching for Otsego Bulldogs : RHP Tim Hill
Pitching: LHP Mario Solíz
Batting: LHB António Cedeño 0-0: Ball
1-0: Ball
2-0: Called Strike
2-1: Called Strike
2-2: Ball
3-2: SINGLE (Popup, 56D)
Batting: RHB Lawrence Yates 0-0: Ball
1-0: Called Strike
1-1: Fly out, F7 (Flyball, 78XD)
Batting: LHB Mark Owens 0-0: Ball
1-0: Ball
2-0: Ball
3-0: Base on Balls
António Cedeño to second
Batting: RHB Dave Hall 0-0: Ball
1-0: Swinging Strike
1-1: Swinging Strike
1-2: Ball
2-2: Ball
3-2: Grounds into double play, 4-6-3 (Groundball, 4)
Bottom of the 6th over - 0 run(s), 1 hit(s), 0 error(s), 1 left on base; Otsego 4 - Tuscaloosa 3
TOP OF THE 7TH
Otsego Bulldogs batting - Pitching for Tuscaloosa Trout Slayers : RHP Ronald Adams
Pitching: RHP Jesús Ramos
Batting: LHB Mario Cornelo 0-0: Foul Ball, location: 2F
0-1: Foul Ball, location: 2F
0-2: Ball
1-2: Strikes out looking
Batting: RHB Juan Pérez 0-0: Ball
1-0: Ball
2-0: Called Strike
2-1: Swinging Strike
2-2: Foul Ball, location: 2F
2-2: Foul Ball, location: 2F
2-2: Ball
3-2: Foul Ball, location: 2F
3-2: Foul Ball, location: 2F
3-2: SINGLE (Groundball, 6MD) (infield hit)
Batting: RHB Cristo García 0-0: Called Strike
0-1: Ball
1-1: Called Strike
1-2: SINGLE (Flyball, 7S)
Juan Pérez to second
Batting: RHB Jim Beck 0-0: Ball
1-0: Foul Ball, location: 2F
1-1: Ball
Juan Pérez steals 3rd base
Cristo García to second
2-1: Called Strike
2-2: Ground out 6-3 (Groundball, 6)
Batting: RHB Armando Cuevas 0-0: Ball
1-0: Foul Ball, location: 2F
1-1: Ball
2-1: Swinging Strike
2-2: Ball
3-2: Strikes out swinging
Top of the 7th over - 0 run(s), 2 hit(s), 0 error(s), 2 left on base; Otsego 4 - Tuscaloosa 3
BOTTOM OF THE 7TH
Tuscaloosa Trout Slayers batting - Pitching for Otsego Bulldogs : LHP Mario Solíz
Batting: LHB Wilford Lush 0-0: Ball
1-0: Called Strike
1-1: Fly out, F7 (Flyball, 7LM)
Batting: RHB Pat Fullerton 0-0: Ball
1-0: Called Strike
1-1: Foul Ball, location: 2F
1-2: Ball
2-2: Ball
3-2: Foul Ball, location: 2F
3-2: Base on Balls
Pinch Hitting: RHB José Fernández 0-0: Ball
1-0: Swinging Strike
1-1: Ball
2-1: Foul Ball, location: 2F
2-2: Ball
3-2: Base on Balls
Pat Fullerton to second
Batting: LHB Albert Morgan 0-0: Foul Ball, location: 2F
0-1: Ball
1-1: Swinging Strike
1-2: Ball
2-2: Grounds into double play, 3-6-3 (Groundball, 3)
Bottom of the 7th over - 0 run(s), 0 hit(s), 0 error(s), 1 left on base; Otsego 4 - Tuscaloosa 3
TOP OF THE 8TH
Otsego Bulldogs batting - Pitching for Tuscaloosa Trout Slayers : RHP Jesús Ramos
Now at 1B: José Fernández
Batting: RHB Ryosei Yamamoto 0-0: Ball
1-0: Swinging Strike
1-1: Foul Ball, location: 2F
1-2: Strikes out swinging
Batting: RHB Kyung-bok Cho 0-0: Ball
1-0: Ball
2-0: Swinging Strike
2-1: Fly out, F7 (Flyball, 78M)
Pitching: LHP Luis López
Batting: LHB Martin Davis 0-0: Ball
1-0: Foul Ball, location: 2F
1-1: Ball
2-1: Ball
3-1: Called Strike
3-2: Foul Ball, location: 2F
3-2: Ground out 6-3 (Groundball, 6)
Top of the 8th over - 0 run(s), 0 hit(s), 0 error(s), 0 left on base; Otsego 4 - Tuscaloosa 3
BOTTOM OF THE 8TH
Tuscaloosa Trout Slayers batting - Pitching for Otsego Bulldogs : LHP Mario Solíz
Pitching: LHP Bob Quested
Now in CF: Donald White
Batting: RHB Ben Morton 0-0: Foul Ball, location: 2F
0-1: Ball
1-1: Fly out, F9 (Line Drive, 9)
Batting: LHB António Cedeño 0-0: Ball
1-0: Ball
2-0: Fly out, F9 (Flyball, 9LSF)
Pitching: RHP Juan Moreno
Batting: RHB Lawrence Yates 0-0: Ball
1-0: Ball
2-0: Called Strike
2-1: Called Strike
2-2: Strikes out swinging
Bottom of the 8th over - 0 run(s), 0 hit(s), 0 error(s), 0 left on base; Otsego 4 - Tuscaloosa 3
TOP OF THE 9TH
Otsego Bulldogs batting - Pitching for Tuscaloosa Trout Slayers : LHP Luis López
Pitching: RHP John Charles
Batting: RHB José Martínez 0-0: Called Strike
0-1: Swinging Strike
0-2: Strikes out swinging
Batting: LHB Mario Cornelo 0-0: Ball
1-0: Swinging Strike
1-1: Ground out 4-3 (Groundball, 4)
Batting: RHB Juan Pérez 0-0: Ball
1-0: Swinging Strike
1-1: Called Strike
1-2: Ball
2-2: Strikes out looking
Top of the 9th over - 0 run(s), 0 hit(s), 0 error(s), 0 left on base; Otsego 4 - Tuscaloosa 3
BOTTOM OF THE 9TH
Tuscaloosa Trout Slayers batting - Pitching for Otsego Bulldogs : RHP Juan Moreno
Pitching: RHP Kenshin Kubota
Now at SS: Fernando Pérez
Pinch Hitting: LHB Ed Hart 0-0: Foul Ball, location: 2F
0-1: Foul Ball, location: 2F
0-2: Strikes out looking
Pinch Hitting: LHB Miguel Rosa 0-0: Foul Ball, location: 2F
0-1: Ball
1-1: Ball
2-1: Called Strike
2-2: Ground out 4-3 (Groundball, 4)
Batting: LHB Wilford Lush 0-0: SINGLE (Line Drive, 34)
Batting: RHB Pat Fullerton 0-0: Ground out 5-3 (Groundball, 56S)
Bottom of the 9th over - 0 run(s), 1 hit(s), 0 error(s), 1 left on base; Otsego 4 - Tuscaloosa 3
Thursday, March 30th, 2017 - OOTP Baseball 17.12 Build 75